 Dungeon Crawl Stone Soup version 0.20.1-1-g8b1a95d (webtiles) character file.

14579 mopl the Tainter (level 12, -4/88 HPs)
             Began as a Naga Venom Mage on Aug 29, 2017.
             Was an Elder of Sif Muna.
             Slain by a slime creature (17 damage)
             ... on level 12 of the Dungeon on Aug 30, 2017.
             The game lasted 00:30:01 (12908 turns).

mopl the Tainter (Naga Venom Mage)                 Turns: 12908, Time: 00:30:01

Health: -4/88      AC:  8    Str: 10    XL:     12   Next: 18%
Magic:  25/25      EV: 10    Int: 20    God:    Sif Muna [****..]
Gold:   819        SH:  0    Dex: 13    Spells: 14/29 levels left

rFire    . . .     SeeInvis +   b - +2 rapier (elec)
rCold    + . .     Gourm    +   (no shield)
rNeg     . . .     Faith    .   G - +0 robe
rPois    +         Spirit   .   s - +0 helmet
rElec    .         Reflect  .   N - +0 cloak
rCorr    .         Harm     .   y - +0 pair of gloves
MR       ++...     Rnd*Rage +   (no barding)
Stlth    ++........             C - amulet of the gourmand
Regen    0.3/turn               E - ring of protection from magic
MPRegen  0.2/turn               U - ring of protection from cold

@: very slow
A: see invisible, berserk 1, deformed body, poison resistance, slowness 2, slow
metabolism 1, spit poison 1, AC +4
a: Spit Poison, Divine Energy, Channel Magic, Forget Spell, Renounce Religion


You were on level 12 of the Dungeon.
You worshipped Sif Muna.
Sif Muna was greatly pleased with you.
You were not hungry.

You visited 3 branches of the dungeon, and saw 14 of its levels.

You collected 819 gold pieces.

Inventory:

Hand Weapons
 b - a +2 rapier of electrocution (weapon)
 r - the +8 quarterstaff "Nestef" {pain, +Rage rN+}
   (You found it on level 11 of the Dungeon)

   In the hands of one skilled in necromantic magic, it inflicts extra damage on
   living creatures.
   It protects you from negative energy.
   It lets you go berserk.
Missiles
 k - 7 needles of confusion
Armour
 o - a +0 buckler
 s - a +0 helmet (worn)
 y - a +0 pair of gloves (worn)
 G - a +0 robe (worn)
 N - a +0 cloak (worn)
Magical Staves
 a - an uncursed staff of poison
Jewellery
 z - an uncursed ring of resist corrosion
 C - an amulet of the gourmand (around neck)
 E - a ring of protection from magic (left hand)
 L - an uncursed ring of fire
 S - an uncursed ring of positive energy
 U - a ring of protection from cold (right hand)
Wands
 h - a wand of polymorph (0/24)
 i - a wand of polymorph (7/24)
 x - a wand of confusion (0/48)
 O - a wand of iceblast (6/15)
 V - a wand of paralysis (0/24)
Scrolls
 f - 2 scrolls of enchant weapon {unknown}
 l - 4 scrolls of magic mapping {unknown}
 m - 3 scrolls of fear {unknown}
 n - 7 scrolls of remove curse
 p - a scroll of teleportation
 t - a scroll of amnesia {unknown}
 u - 2 scrolls of recharging {unknown}
 w - a scroll of immolation {unknown}
 I - a scroll of holy word {unknown}
 J - a scroll of torment {unknown}
 K - 4 scrolls of enchant armour {unknown}
 P - 3 scrolls of identify
 R - a scroll of fog {unknown}
Potions
 d - 2 potions of flight
 e - 3 potions of might
 j - 7 potions of curing {unknown}
 q - a potion of heal wounds
 v - a potion of haste
 A - a potion of ambrosia
 D - a potion of magic
 F - 2 potions of cancellation
Comestibles
 c - 14 bread rations


   Skills:
 - Level 1.5 Dodging
 - Level 3.0 Stealth
 + Level 9.4 Spellcasting
 + Level 10.1 Conjurations
 - Level 4.0 Air Magic
 + Level 13.3 Poison Magic
 + Level 8.5 Invocations


You had 14 spell levels left.
You knew the following spells:

 Your Spells              Type           Power        Failure   Level  Hunger
a - Sting                 Conj/Pois      ####         1%          1    None
b - Poisonous Vapours     Pois/Air       #####.       1%          2    None
c - Venom Bolt            Conj/Pois      ######....   1%          5    #####..
d - Mephitic Cloud        Conj/Pois/Air  #####...     1%          3    None
o - Olgreb's Toxic Radia  Pois           ######..     1%          4    ###....


Dungeon Overview and Level Annotations

Branches:
Dungeon (12/15)            Temple (1/1) D:7            Lair (1/6) D:10
    Orc: D:9-12

Altars:
Ashenzari
Dithmenos
Elyvilon
Fedhas
Hepliaklqana
Kikubaaqudgha
Makhleb
Nemelex Xobeh
Qazlal
Ru
Sif Muna
Trog
Uskayaw
Xom
Zin
The Shining One

Shops:
D:5 %

Annotations:
D:5 exclusion: ice beast, Grinder


Innate Abilities, Weirdness & Mutations

You cannot wear boots.
Your serpentine skin is tough. (AC +4)
You have supernaturally acute eyesight. (SInv)
Armour fits poorly on your strangely shaped body.
Your system is resistant to poisons. (rPois)
You cover ground very slowly.
You have a slow metabolism.
You can spit poison.
You tend to lose your temper in combat.


Message History

The slime creature is almost dead.
The slime creature misses you.
You hit the slime creature.
The slime creature is almost dead.
The slime creature hits you but does no damage.
The slime creature misses you.
You barely miss the slime creature.
The slime creature is almost dead.
The slime creature hits you!
* * * LOW HITPOINT WARNING * * *
You hit the slime creature.
The slime creature is almost dead.
The slime creature hits you.
* * * LOW HITPOINT WARNING * * *
You hit the slime creature.
Lightning courses through the slime creature!
You kill the slime creature!
Sif Muna accepts your kill. The slime creature hits you!
You die...

#.###########
#######.##### #.# #>.
### #.# #.# .. ..#
#.# #.######### # ..
#.# #.# #.........#
#.#. #.# #.#
#########.###.#. #.#
#.#
#.##....#####.#####.#
#.#.# #.............#
#..##.##@####.#####.#
#J....###J# #.#####.#
##.#### ## #......)#
##. ######### #. #.
##


You could see a slime creature.

Vanquished Creatures
  A centaur warrior (D:12)
  A two-headed ogre (D:11)
  Pikel (D:7)
  A shining eye (D:12)
  3 ugly things (D:12)
  2 cyclopes
  A manticore (D:12)
  3 slime creatures (D:12)
  A troll (D:9)
  Prince Ribbit (D:6)
  A hippogriff (D:7)
  A wyvern (D:12)
  Eustachio (D:6)
  A wraith (D:12)
  19 yaks
  5 vampire mosquitoes (D:12)
  Menkaure (D:7)
  A water moccasin (D:11)
  A porcupine (Lair:1)
  3 ice beasts
  4 orc warriors
  A black bear (D:10)
  2 sky beasts
  2 phantoms
  5 ogres
  7 centaurs
  A crocodile (D:9)
  A big kobold (D:8)
  Blork the orc (D:5)
  2 bullfrogs
  4 scorpions
  3 killer bees (D:8)
  A howler monkey (D:7)
  3 wights (D:8)
  8 crimson imps
  A quasit (D:7)
  A hound (D:6)
  3 jellies
  11 orc wizards
  Crazy Yiuf (D:7)
  3 centaur skeletons (D:12)
  9 orc priests
  A bullfrog skeleton (D:12)
  3 iguanas
  7 worker ants
  A killer bee zombie (D:8)
  A howler monkey zombie (D:7)
  A worker ant zombie (D:9)
  5 gnolls
  2 howler monkey skeletons
  7 adders
  3 shadow imps
  An adder skeleton (D:4)
  7 worms
  6 leopard geckos
  35 orcs
  3 ball pythons
  5 giant cockroaches
  6 goblins
  10 hobgoblins
  11 jackals
  3 quokkas
  7 bats
  3 frilled lizards
  A jackal zombie (D:5)
  14 kobolds
  A leopard gecko skeleton (D:6)
  A quokka zombie (D:9)
  6 rats
274 creatures vanquished.

Vanquished Creatures (others)
  2 slaves (D:7)
2 creatures vanquished.

Grand Total: 276 creatures vanquished

Notes
Turn   | Place    | Note
-------+----------+-------------------------------------------
     0 | D:1      | mopl the Naga Venom Mage began the quest for the Orb.
     0 | D:1      | Reached XP level 1. HP: 15/15 MP: 3/3
   191 | D:1      | Reached XP level 2. HP: 11/22 MP: 0/5
   195 | D:1      | Learned a level 2 spell: Poisonous Vapours
   795 | D:2      | Reached skill level 2 in Conjurations
   795 | D:2      | Reached XP level 3. HP: 16/28 MP: 6/6
   930 | D:2      | Learned a level 3 spell: Mephitic Cloud
  1624 | D:2      | Reached skill level 1 in Air Magic
  1747 | D:3      | Reached XP level 4. HP: 36/36 MP: 4/7
  1838 | D:3      | Found a faded altar of an unknown god.
  2149 | D:3      | Reached skill level 5 in Poison Magic
  2354 | D:4      | Reached XP level 5. HP: 40/42 MP: 9/9
  2359 | D:4      | Found a bloodstained altar of Trog.
  2401 | D:4      | Reached skill level 3 in Spellcasting
  2403 | D:4      | Reached skill level 2 in Air Magic
  2537 | D:4      | Reached skill level 3 in Conjurations
  2555 | D:4      | Reached XP level 6. HP: 30/49 MP: 2/11
  2634 | D:4      | Learned a level 4 spell: Olgreb's Toxic Radiance
  2770 | D:4      | Reached skill level 6 in Poison Magic
  2893 | D:5      | Entered Level 5 of the Dungeon
  2942 | D:5      | Noticed an ice beast
  2956 | D:5      | Found Dekkex's Food Shoppe.
  3036 | D:5      | Noticed Blork the orc
  3055 | D:5      | Killed Blork the orc
  3056 | D:5      | Found a burning altar of Makhleb.
  3135 | D:5      | Found a shimmering altar of Xom.
  3137 | D:5      | Found a glowing silver altar of Zin.
  3271 | D:5      | Reached XP level 7. HP: 55/55 MP: 7/12
  3286 | D:5      | Reached skill level 4 in Spellcasting
  3286 | D:5      | Reached skill level 4 in Conjurations
  3417 | D:5      | Found a stormy altar of Qazlal.
  3419 | D:5      | Found a blossoming altar of Fedhas.
  3442 | D:5      | Noticed Grinder
  3449 | D:5      | You fall through a shaft!
  3550 | D:6      | Noticed Eustachio
  3568 | D:6      | Killed Eustachio
  3568 | D:6      | Reached skill level 7 in Poison Magic
  3604 | D:6      | Reached skill level 3 in Air Magic
  3604 | D:6      | Reached XP level 8. HP: 62/62 MP: 4/14
  3918 | D:6      | Reached skill level 5 in Conjurations
  3946 | D:6      | Reached skill level 5 in Spellcasting
  3946 | D:6      | Reached skill level 4 in Air Magic
  3946 | D:6      | Reached skill level 8 in Poison Magic
  3953 | D:6      | Learned a level 5 spell: Venom Bolt
  4445 | D:6      | Reached XP level 9. HP: 61/68 MP: 17/17
  4622 | D:6      | Reached skill level 6 in Conjurations
  4710 | D:6      | Noticed Prince Ribbit
  4715 | D:6      | Killed Prince Ribbit
  4715 | D:6      | Reached skill level 9 in Poison Magic
  4922 | D:7      | Found a staircase to the Ecumenical Temple.
  4934 | D:7      | Reached skill level 6 in Spellcasting
  4938 | Temple   | Entered the Ecumenical Temple
  4981 | Temple   | Became a worshipper of Sif Muna the Loreminder
  5114 | D:7      | Found a runed door.
  5118 | D:7      | Noticed Crazy Yiuf
  5124 | D:7      | Killed Crazy Yiuf
  5256 | D:7      | Noticed Pikel
  5260 | D:7      | Killed Pikel
  5260 | D:7      | Reached skill level 2 in Invocations
  5374 | D:7      | Noticed Menkaure
  5383 | D:7      | Killed Menkaure
  5383 | D:7      | Reached skill level 10 in Poison Magic
  5690 | D:7      | Reached skill level 7 in Conjurations
  5690 | D:7      | Reached skill level 3 in Invocations
  5742 | D:8      | Reached * piety under Sif Muna
  5876 | D:8      | Reached XP level 10. HP: 47/75 MP: 14/20
  5955 | D:8      | Found a shadowy altar of Dithmenos.
  6037 | D:8      | Reached skill level 4 in Invocations
  6087 | D:8      | Found a shattered altar of Ashenzari.
  6290 | D:8      | Reached skill level 7 in Spellcasting
  6319 | D:8      | Found a glowing golden altar of the Shining One.
  6809 | D:8      | Found a hide-covered altar of Uskayaw.
  6945 | D:8      | Found a white marble altar of Elyvilon.
  7430 | D:9      | Reached skill level 11 in Poison Magic
  7598 | D:9      | Reached ** piety under Sif Muna
  7665 | D:9      | Found a shattered altar of Ashenzari.
  7700 | D:9      | Reached skill level 8 in Conjurations
  7700 | D:9      | Reached skill level 5 in Invocations
  7831 | D:10     | Entered Level 10 of the Dungeon
  7910 | D:10     | Found a staircase to the Lair.
  8455 | Lair:1   | Entered Level 1 of the Lair of Beasts
  8672 | Lair:1   | Noticed a spiny frog
  8765 | D:10     | Noticed a cyclops
  8771 | D:10     | Killed a cyclops
  8771 | D:10     | Reached XP level 11. HP: 49/81 MP: 6/22
  8874 | D:11     | Reached skill level 8 in Spellcasting
  8952 | D:11     | Reached skill level 6 in Invocations
  9256 | D:11     | Reached skill level 12 in Poison Magic
  9523 | D:11     | Noticed a two-headed ogre
  9526 | D:11     | Killed a two-headed ogre
  9526 | D:11     | Reached *** piety under Sif Muna
  9526 | D:11     | Reached skill level 9 in Conjurations
  9723 | D:11     | Got a faintly glowing quarterstaff
  9730 | D:11     | Identified the +8 quarterstaff "Nestef" {pain, +Rage rN+} (You found it on level 11 of the Dungeon)
  9743 | D:11     | Noticed a cyclops
  9751 | D:11     | Killed a cyclops
 10104 | D:12     | Reached skill level 7 in Invocations
 10277 | D:12     | Noticed a centaur warrior
 10584 | D:12     | Killed a centaur warrior
 11044 | D:12     | Noticed a manticore
 11048 | D:12     | Killed a manticore
 11048 | D:12     | Reached skill level 9 in Spellcasting
 11450 | D:12     | Noticed a brown ugly thing
 11456 | D:12     | Killed a brown ugly thing
 11457 | D:12     | Noticed a cyan ugly thing
 11462 | D:12     | Reached skill level 8 in Invocations
 11462 | D:12     | Reached skill level 13 in Poison Magic
 11464 | D:12     | Noticed a white ugly thing
 11469 | D:12     | Killed a cyan ugly thing
 11469 | D:12     | Reached XP level 12. HP: 60/88 MP: 18/25
 11844 | D:12     | Noticed a two-headed ogre
 12273 | D:12     | HP: 1/88 [slime creature (21)]
 12274 | D:12     | Reached **** piety under Sif Muna
 12460 | D:12     | Reached skill level 10 in Conjurations
 12763 | D:12     | Gained mutation: You tend to lose your temper in combat. [a shining eye]
 12908 | D:12     | Slain by a slime creature

Skill      XL: |  1  2  3  4  5  6  7  8  9 10 11 12 |
---------------+-------------------------------------+-----
Conjurations   | 2 3 4 5 7 8 9 10 | 10.1
Air Magic      | 1 2 3 4 |  4.0
Poison Magic   | 5 6 7 8 10 11 13 | 13.3
Spellcasting   | 3 4 5 6 7 9 |  9.4
Invocations    | 3 5 8 |  8.5
Dodging        | |  1.5
Stealth        | |  3.0

Action                   |  1- 3 |  4- 6 |  7- 9 | 10-12 || total
-------------------------+-------+-------+-------+-------++-------
Melee: Unarmed           |     3 |       |       |       ||     3
       Whip              |    49 |   134 |    42 |       ||   225
       Rapier            |       |       |    61 |   206 ||   267
       Staff             |       |       |    77 |   134 ||   211
       Quarterstaff      |       |       |     4 |       ||     4
Throw: Tomahawk          |       |     4 |     3 |    11 ||    18
       Throwing net      |       |       |       |     1 ||     1
 Cast: Sting             |    13 |       |     3 |     1 ||    17
       Poisonous Vapours |    13 |    24 |     8 |    22 ||    67
       Olgreb's Toxic Ra |       |     1 |    20 |    30 ||    51
       Venom Bolt        |       |       |     8 |    30 ||    38
       Mephitic Cloud    |       |       |     1 |     3 ||     4
Invok: Channel Magic     |       |       |       |     1 ||     1
       Divine Energy     |       |       |       |     1 ||     1
       Stop Divine Energ |       |       |       |     1 ||     1
 Abil: Spit Poison       |     8 |     3 |       |     1 ||    12
Evoke: Wand              |       |       |     4 |    24 ||    28
  Use: Scroll            |       |       |     1 |    12 ||    13
 Stab: Sleeping          |     9 |     2 |     4 |     4 ||    19
       Confused          |       |       |     1 |     4 ||     5
       Paralysed         |       |       |       |     4 ||     4
  Eat: Chunk             |     3 |     4 |    13 |    23 ||    43
       Fruit             |       |     1 |     2 |       ||     3
       Royal jelly       |       |       |       |     2 ||     2
       Bread ration      |       |       |       |     1 ||     1
Armor: Robe              |    12 |    19 |    78 |   116 ||   225
Dodge: Dodged            |    29 |    53 |    90 |   190 ||   362
